 Dungeon Crawl Stone Soup version 0.29.1-12-g30fa7ad0bf (webtiles) character file.

Game seed: 3151877759682874033

4148 Coaxmetal the Cleaver (level 10, -4/82 HPs)
             Began as a Gnoll Cinder Acolyte on Dec 19, 2022.
             Was a Priest of Ignis.
             Slain by an eight-headed hydra (5 damage)
             ... on level 1 of the Lair of Beasts.
             The game lasted 00:16:21 (9182 turns).

Coaxmetal the Cleaver (Gnoll Cinder Acolyte)        Turns: 9182, Time: 00:16:22

Health: -4/82      AC: 10    Str: 16    XL:     10   Next: 27%
Magic:  23/28      EV: 13    Int: 15    God:    Ignis [***...]
Gold:   673        SH:  5    Dex: 14    Spells: 17/21 levels left

rFire   + . .      SeeInvis .   N - +11 hammer "Viarul Dumi" {elec, rC+ MP+9 Stlth+}
rCold   + . .      Faith    .   n - +0 buckler
rNeg    . . .      Spirit   .   L - +0 troll leather armour {Pargi}
rPois   .          Reflect  .   w - +1 hat
rElec   .          Harm     .   (no cloak)
rCorr   .          Rampage  .   z - +0 pair of gloves
Will    .....                   o - +2 pair of boots
Stlth   ++++......              b - amulet of regeneration
HPRegen 1.83/turn               t - +6 ring of dexterity
MPRegen 0.21/turn               (no ring)

@: wereblooded
A: fangs 1, strong nose, distributed training
a: Renounce Religion, Fiery Armour, Foxfire Swarm, Rising Flame


You were on level 1 of the Lair of Beasts.
You worshipped Ignis.
Ignis was most pleased with you.
You visited 2 branches of the dungeon, and saw 9 of its levels.
You also visited: Sewer.

You collected 673 gold pieces.

Inventory:

Hand Weapons
 N - the +11 hammer "Viarul Dumi" (weapon) {elec, rC+ MP+9 Stlth+}
   (You found it on level 7 of the Dungeon)

   It occasionally discharges a powerful burst of electricity upon striking a
   foe.
   rC:        It protects you from cold.
   MP:        It affects your magic capacity (+9).
   Stlth:     It makes you more stealthy.
Missiles
 l - 2 boomerangs (quivered)
Armour
 a - a +1 robe of cold resistance
 n - a +0 buckler (worn)
 o - a +2 pair of boots (worn)
 w - a +1 hat (worn)
 y - a +0 chain mail
 z - a +0 pair of gloves (worn)
 L - a +0 troll leather armour (worn) {Pargi}
Jewellery
 b - an amulet of regeneration (around neck)
 g - a ring of ice
 t - a +6 ring of dexterity (left hand)
Wands
 A - a wand of flame (37)
 H - a wand of iceblast (6)
Scrolls
 f - a scroll of enchant armour
 h - 5 scrolls of teleportation
 j - 2 scrolls of butterflies
 k - 2 scrolls of summoning
 m - 3 scrolls of fear
 s - a scroll of magic mapping
 F - a scroll of enchant weapon
 G - a scroll of amnesia {unknown}
 J - a scroll of acquirement {unknown}
 M - a scroll of torment {unknown}
Potions
 c - 6 potions of curing
 d - 4 potions of brilliance {unknown}
 e - 3 potions of mutation {unknown}
 i - 3 potions of attraction {unknown}
 p - 3 potions of degeneration {unknown}
 r - 2 potions of haste {unknown}
 v - 4 potions of heal wounds {unknown}
 B - 3 potions of might {unknown}
 C - a potion of resistance {unknown}
 E - 2 potions of ambrosia {unknown}
 I - 2 potions of lignification {unknown}
 K - a potion of berserk rage {unknown}


   Skills:
 + Level 8.5 Fighting
 + Level 5.3 Short Blades
 + Level 5.3 Long Blades
 + Level 8.5 Axes
 + Level 5.3 Maces & Flails
 + Level 5.3 Polearms
 + Level 5.3 Staves
 + Level 5.3 Ranged Weapons
 + Level 5.3 Throwing
 + Level 5.3 Armour
 + Level 5.3 Dodging
 + Level 5.3 Stealth
 + Level 5.3 Shields
 + Level 5.3 Unarmed Combat
 + Level 6.1 Spellcasting
 + Level 4.4 Conjurations
 + Level 4.4 Hexes
 + Level 4.4 Summonings
 + Level 4.4 Necromancy
 + Level 4.4 Translocations
 + Level 4.4 Transmutations
 + Level 7.1 Fire Magic
 + Level 4.4 Ice Magic
 + Level 4.4 Air Magic
 + Level 4.4 Earth Magic
 + Level 4.4 Poison Magic
 + Level 5.8 Invocations
 + Level 5.3 Evocations


You had 17 spell levels left.
You knew the following spells:

 Your Spells              Type           Power      Damage    Failure   Level
a - Scorch                Fire           50%        2d8       1%          2
b - Wereblood             Tmut           17%        N/A       5%          2

Your spell library contained the following spells:

 Spells                   Type           Power      Damage    Failure   Level
 Beastly Appendage        Tmut           34%        N/A       3%          1
 Freeze                   Ice            68%        1d8       3%          1
 Frozen Ramparts          Ice            34%        1d6       11%         3
 Spider Form              Tmut/Pois      17%        N/A       11%         3
 Hailstorm                Conj/Ice       17%        3d6       36%         4
 Summon Forest            Summ/Tloc      8%         N/A       71%         5
 Dispersal                Tloc           8%         N/A       99%         6
 Eringya's Noxious Bog    Tmut/Pois      8%         N/A       99%         6
 Summon Hydra             Summ           8%         N/A       100%        7
 Disjunction              Tloc           8%         N/A       100%        8


Dungeon Overview and Level Annotations

Branches:
Dungeon (8/15)             Temple (0/1) D:7            Lair (1/5) D:8
  Sewer (visited)

Altars:
Elyvilon
Okawaru
Xom
The Shining One

Annotations:
D:7 1 runed translucent door, Crazy Yiuf


Innate Abilities, Weirdness & Mutations

You have very sharp teeth.
Your uncanny sense of smell can sniff out nearby items.
Your experience applies equally to all skills.


Message History

The eight-headed hydra is heavily wounded.
The komodo dragon bites the fungus!!
The eight-headed hydra barely misses you. x2
You block the eight-headed hydra's attack. x2
The eight-headed hydra barely misses you.
The eight-headed hydra bites you. The eight-headed hydra bites you!
The eight-headed hydra barely misses you.
The komodo dragon bites the fungus.
The eight-headed hydra misses you. The eight-headed hydra bites you!
The eight-headed hydra bites you but does no damage. x2
The eight-headed hydra bites you.
The eight-headed hydra bites you but does no damage. x2
The eight-headed hydra barely misses you.
You sock the eight-headed hydra!
The eight-headed hydra is heavily wounded.
The eight-headed hydra bites you.
You block the eight-headed hydra's attack.
The eight-headed hydra barely misses you.
The eight-headed hydra bites you but does no damage.
The eight-headed hydra bites you! x2
* * * LOW HITPOINT WARNING * * *
The eight-headed hydra bites you.
* * * LOW HITPOINT WARNING * * *
The eight-headed hydra bites you but does no damage.
The komodo dragon bites the fungus!
Unknown command.
Okay, then.
The eight-headed hydra attacks as you move away!
The eight-headed hydra bites you but does no damage.
The eight-headed hydra bites you.
* * * LOW HITPOINT WARNING * * *
The eight-headed hydra completely misses you.
You block the eight-headed hydra's attack.
The eight-headed hydra bites you.
* * * LOW HITPOINT WARNING * * *
The eight-headed hydra bites you but does no damage.
The eight-headed hydra bites you!
* * * LOW HITPOINT WARNING * * *
The eight-headed hydra bites you.
You die...

∆ ...# ...# ....# ...#
####.#.##. ##########
#.........
#......#.####l........
#......##..@DP........ ####
#..........#P.........
#..###......#..###.........
.....+.....[+.## #.........
~..#.#......### .##.###.##
≈..##.##+###.# ## ..# #
~~~#### ## .## ≈~.# .. ≈~~#


You could see an eight-headed hydra (combustible) and a komodo dragon.

Vanquished Creatures
  Fannar (Lair:1)
  A steam dragon (D:6)
  2 water moccasins
  Pargi (Sewer)
  4 orc warriors
  An ice beast (D:6)
  3 black bears
  2 ogres
  A sky beast (D:7)
  A centaur (D:6)
  A phantom (D:6)
  2 necrophages
  7 bullfrogs
  A gnoll sergeant (D:5)
  9 wights (D:8)
  2 jellies
  4 orc priests
  A gnoll bouda (D:7)
  2 hounds
  Jessica (D:2)
  2 iguanas
  Ijyb (D:4)
  6 orc wizards
  7 gnolls
  10 adders
  A shadow imp (D:8)
  A white imp (D:6)
  An ufetubus (D:4)
  6 dart slugs
  3 worms
  31 orcs
  9 ball pythons
  6 bats
  4 endoplasms
  7 giant cockroaches
  13 goblins
  6 hobgoblins
  6 jackals
  12 kobolds
  5 quokkas
  7 frilled lizards
  3 rats
194 creatures vanquished.

Vanquished Creatures (others)
  23 foxfires
  4 fungi (D:8)
  3 plants
30 creatures vanquished.

Grand Total: 224 creatures vanquished

Notes
Turn   | Place    | Note
-------+----------+-------------------------------------------
     0 | D:1      | Coaxmetal the Gnoll Cinder Acolyte began the quest for the
                  | Orb.
     0 | D:1      | Reached XP level 1. HP: 23/23 MP: 4/4
   111 | D:1      | Reached XP level 2. HP: 16/29 MP: 5/5
   825 | D:1      | Reached XP level 3. HP: 30/35 MP: 7/7
  1316 | D:2      | Reached skill level 1 in Invocations
  1536 | D:2      | Reached skill level 1 in Short Blades
  1536 | D:2      | Reached skill level 1 in Long Blades
  1536 | D:2      | Reached skill level 1 in Maces & Flails
  1536 | D:2      | Reached skill level 1 in Polearms
  1536 | D:2      | Reached skill level 1 in Staves
  1536 | D:2      | Reached skill level 1 in Ranged Weapons
  1536 | D:2      | Reached skill level 1 in Throwing
  1536 | D:2      | Reached skill level 1 in Armour
  1536 | D:2      | Reached skill level 1 in Dodging
  1536 | D:2      | Reached skill level 1 in Stealth
  1536 | D:2      | Reached skill level 1 in Shields
  1536 | D:2      | Reached skill level 1 in Unarmed Combat
  1536 | D:2      | Reached skill level 1 in Evocations
  1539 | D:2      | Found a faded altar of an unknown god.
  1640 | D:2      | Noticed Jessica
  1648 | D:2      | Killed Jessica
  1649 | D:2      | Reached XP level 4. HP: 34/41 MP: 8/8
  1709 | D:2      | Learned a level 2 spell: Scorch
  1759 | D:2      | Reached skill level 1 in Conjurations
  1759 | D:2      | Reached skill level 1 in Hexes
  1759 | D:2      | Reached skill level 1 in Summonings
  1759 | D:2      | Reached skill level 1 in Necromancy
  1759 | D:2      | Reached skill level 1 in Translocations
  1759 | D:2      | Reached skill level 1 in Transmutations
  1759 | D:2      | Reached skill level 1 in Ice Magic
  1759 | D:2      | Reached skill level 1 in Air Magic
  1759 | D:2      | Reached skill level 1 in Earth Magic
  1759 | D:2      | Reached skill level 1 in Poison Magic
  2565 | D:3      | Reached XP level 5. HP: 16/47 MP: 0/9
  2828 | D:3      | Found a white marble altar of Elyvilon.
  2831 | D:3      | Found an iron altar of Okawaru.
  2855 | D:3      | Found a glowing golden altar of the Shining One.
  2858 | D:3      | Found a shimmering altar of Xom.
  3397 | D:4      | Reached XP level 6. HP: 30/53 MP: 11/11
  3811 | D:4      | Noticed Ijyb
  3840 | D:4      | Killed Ijyb
  4671 | D:5      | Entered Level 5 of the Dungeon
  4816 | D:5      | Reached XP level 7. HP: 60/60 MP: 12/12
  5764 | D:6      | Reached XP level 8. HP: 23/67 MP: 14/14
  6048 | D:6      | Found a glowing drain.
  6092 | Sewer    | Entered a sewer
  6172 | Sewer    | Noticed Pargi
  6182 | Sewer    | Killed Pargi
  6930 | D:7      | Learned a level 2 spell: Wereblood
  7113 | D:7      | Reached XP level 9. HP: 70/73 MP: 16/16
  7321 | D:7      | Reached skill level 5 in Spellcasting
  7785 | D:7      | Found a runed translucent door.
  7789 | D:7      | Identified the +11 hammer "Viarul Dumi" {elec, rC+ MP+9
                  | Stlth+}
  7793 | D:7      | Noticed Crazy Yiuf
  7861 | D:7      | Found a staircase to the Ecumenical Temple.
  8151 | D:8      | Reached skill level 5 in Invocations
  8604 | D:8      | Identified the +0 robe of Teimoa Enux {*Slow Regen+ rCorr
                  | Dex-4}
  8784 | D:8      | Reached skill level 5 in Short Blades
  8784 | D:8      | Reached skill level 5 in Long Blades
  8784 | D:8      | Reached skill level 5 in Maces & Flails
  8784 | D:8      | Reached skill level 5 in Polearms
  8784 | D:8      | Reached skill level 5 in Staves
  8784 | D:8      | Reached skill level 5 in Ranged Weapons
  8784 | D:8      | Reached skill level 5 in Throwing
  8784 | D:8      | Reached skill level 5 in Armour
  8784 | D:8      | Reached skill level 5 in Dodging
  8784 | D:8      | Reached skill level 5 in Stealth
  8784 | D:8      | Reached skill level 5 in Shields
  8784 | D:8      | Reached skill level 5 in Unarmed Combat
  8784 | D:8      | Reached skill level 5 in Evocations
  8784 | D:8      | Reached XP level 10. HP: 81/81 MP: 18/18
  9010 | D:8      | Found a staircase to the Lair.
  9022 | Lair:1   | Entered Level 1 of the Lair of Beasts
  9022 | Lair:1   | Noticed Fannar
  9125 | Lair:1   | Killed Fannar
  9169 | Lair:1   | Noticed an eight-headed hydra
  9182 | Lair:1   | HP: 1/82 [eight-headed hydra (11)]
  9182 | Lair:1   | Slain by an eight-headed hydra

Illustrated notes

Levels and vault maps discovered:
D:1:      elethiomel_arrival_maze, layout_basic, ebering_dispersal_statue_hall,
          minmay_indecisive_spiral
D:2:      layout_basic, shapermc_ecumenical_altar_notcrosses,
          minmay_shallow_snake_nest, uniq_jessica
D:3:      layout_rooms, grunt_temple_overflow_cloverleaf
D:4:      kennysheep_goblin_castle, layout_loops_ring
D:5:      layout_basic
D:6:      layout_loops_ring, gup_sewer_entry_glass
D:7:      layout_loops_corners, minmay_temple_entry_antechambers,
          uniq_crazy_yiuf_cottage
D:8:      layout_gridville, grunt_lair_entry_orc_guard_hut,
          serial_co_window_serial, co_window_paths_a, co_window_corner_a,
          co_window_of_opportunity_a, co_window_of_opportunity_a,
          co_window_of_opportunity_a, co_window_unsneaky_path_a,
          co_window_broadway_b, co_window_2corner, co_window_4corner_b,
          nicolae_kite_square_tiling_tiny, minivault_24,
          chequers_serial_rivers_room_b, minmay_stone_trees_small
Lair:1:   layout_roguey, infiniplex_staircase_pool_2, grunt_megastairs_4,
          uniq_fannar, uniq_sonja, uniq_joseph

Skill      XL: |  1  2  3  4  5  6  7  8  9 10 |
---------------+-------------------------------+-----
Invocations    | 1 2 3 4 5 |  5.8
Short Blades   | 1 2 3 5 |  5.3
Long Blades    | 1 2 3 5 |  5.3
Maces & Flails | 1 2 3 5 |  5.3
Polearms       | 1 2 3 5 |  5.3
Staves         | 1 2 3 5 |  5.3
Ranged Weapons | 1 2 3 5 |  5.3
Throwing       | 1 2 3 5 |  5.3
Armour         | 1 2 3 5 |  5.3
Dodging        | 1 2 3 5 |  5.3
Stealth        | 1 2 3 5 |  5.3
Shields        | 1 2 3 5 |  5.3
Unarmed Combat | 1 2 3 5 |  5.3
Evocations     | 1 2 3 5 |  5.3
Spellcasting   | 3 4 5 6 |  6.1
Conjurations   | 1 2 3 4 |  4.4
Hexes          | 1 2 3 4 |  4.4
Summonings     | 1 2 3 4 |  4.4
Necromancy     | 1 2 3 4 |  4.4
Translocations | 1 2 3 4 |  4.4
Transmutations | 1 2 3 4 |  4.4
Ice Magic      | 1 2 3 4 |  4.4
Air Magic      | 1 2 3 4 |  4.4
Earth Magic    | 1 2 3 4 |  4.4
Poison Magic   | 1 2 3 4 |  4.4
Fighting       | 7 8 |  8.5
Axes           | 7 8 |  8.5
Fire Magic     | 6 7 |  7.1

Action                   |  1- 3 |  4- 6 |  7- 9 | 10-12 || total
-------------------------+-------+-------+-------+-------++-------
Melee: Hand axe          |    67 |   222 |   281 |       ||   570
       Bite              |     3 |    24 |    49 |     1 ||    77
       Mace              |       |       |    72 |    37 ||   109
Throw: Stone             |     1 |       |       |       ||     1
       Boomerang         |    19 |    47 |    26 |       ||    92
 Cast: Scorch            |       |    15 |       |     2 ||    17
       Wereblood         |       |       |       |     1 ||     1
Invok: Foxfire Swarm     |       |     1 |     2 |       ||     3
       Fiery Armour      |       |       |     2 |       ||     2
Evoke: Wand              |       |       |    17 |     1 ||    18
  Use: Potion            |       |     1 |       |       ||     1
       Scroll            |       |       |       |    10 ||    10
 Stab: Sleeping          |       |       |     5 |     2 ||     7
Armor: Robe              |     9 |    15 |       |       ||    24
       Ring mail         |    11 |     1 |       |       ||    12
       Chain mail        |       |    99 |   135 |       ||   234
       Troll leather arm |       |       |    53 |    28 ||    81
Dodge: Dodged            |    38 |    83 |   157 |    42 ||   320
Block: Buckler           |     7 |    30 |    85 |    16 ||   138
